 Dungeon Crawl Stone Soup version 0.26-a0-708-g17f3b190f9 (webtiles) character file.

Game seed: 9277156832145455821

410 P0NYSLAYSTATION the Slasher (level 6, -4/55 HPs)
             Began as a Hill Orc Monk on Oct 29, 2020.
             Was a Priest of Yredelemnul.
             Slain by an orc
             ... wielding a +0 morningstar
              (7 damage)
             ... on level 4 of the Dungeon.
             The game lasted 00:15:10 (5097 turns).

P0NYSLAYSTATION the Slasher (Hill Orc Monk)         Turns: 5097, Time: 00:15:11

Health: -4/55      AC:  8    Str: 16    XL:     6   Next: 89%
Magic:  6/6        EV: 13    Int: 10    God:    Yredelemnul [***...]
Gold:   205        SH:  0    Dex: 13    Spells: 5/5 levels left

rFire    . . .     SeeInvis .   n - +0 scimitar
rCold    . . .     Faith    .   (no shield)
rNeg     . . .     Spirit   .   t - +0 leather armour
rPois    .         Reflect  .   (no helmet)
rElec    .         Harm     .   (no cloak)
rCorr    .         Rampage  .   (no gloves)
MR       .....                  z - +0 pair of boots
Stlth    ++........             (no amulet)
HPRegen  0.18/turn              w - +4 ring of protection
MPRegen  0.10/turn              p - ring of flight

@: no status effects
A: no striking features
a: Recall Undead Slaves, Injury Mirror, Animate Dead, Renounce Religion, Evoke
Flight


You were on level 4 of the Dungeon.
You worshipped Yredelemnul.
Yredelemnul was most pleased with you.
You visited 2 branches of the dungeon, and saw 6 of its levels.

You collected 205 gold pieces.

Inventory:

Hand Weapons
 a - a +0 falchion
 n - a +0 scimitar (weapon)
 r - a -1 mace
Missiles
 v - 40 poisoned darts (quivered)
 C - 3 boomerangs
Armour
 b - a +0 robe
 e - a +0 animal skin
 t - a +0 leather armour (worn)
 u - a +0 kite shield
 z - a +0 pair of boots (worn)
Jewellery
 h - an uncursed ring of wizardry
 p - a ring of flight (right hand)
 w - a +4 ring of protection (left hand)
Scrolls
 c - a scroll of fear {unknown}
 f - 2 scrolls of magic mapping
 g - 3 scrolls of remove curse
 m - 3 scrolls of teleportation
 y - a scroll of enchant armour {unknown}
 A - a scroll of fog {unknown}
 B - a scroll of amnesia {unknown}
Potions
 i - 2 potions of stabbing
 j - 3 potions of flight
 k - 3 potions of curing
 l - a potion of resistance
 o - 3 potions of brilliance {unknown}
 q - a potion of might {unknown}
 s - a potion of magic {unknown}
 x - a potion of berserk rage {unknown}


   Skills:
 + Level 4.8 Fighting
 + Level 6.0 Long Blades
 + Level 2.4 Armour
 + Level 3.4 Dodging
 + Level 2.2 Stealth


You had 5 spell levels left.
You didn't know any spells.
Your spell library was empty.

Dungeon Overview and Level Annotations

Branches:
Dungeon (5/15)             Temple (1/1) D:5

Altars:
Ashenzari
Cheibriados
Dithmenos
Elyvilon
Fedhas
Gozag
Hepliaklqana
Makhleb
Qazlal
Ru
Sif Muna
Trog
Uskayaw
Vehumet
Xom
Yredelemnul
Zin
The Shining One


Message History

You closely miss something.
You hear some strange, mumbled words.
A puff of frost appears from out of thin air!
The puff of frost hits you.
* * * LOW HITPOINT WARNING * * *
Something completely misses you.
You completely miss something.
You hear some strange, mumbled words.
A magic dart appears from out of thin air!
The magic dart hits you!
* * * LOW HITPOINT WARNING * * *
Something hits you but does no damage.
You slash something! Yredelemnul accepts your kill.
Reactivating autopickup.
Your Long Blades skill increases to level 6!
You feel a bit more experienced.
You closely miss the orc. The orc hits you with a +0 morningstar!
You die...
Your body rises from the dead as a mindless zombie.

############ ########
#...)......# #......#
#.#####.##.###.####.#
###.# #...........#.#
#...# #..#........#.#
#.#.# #.....##.##.#.#
#.#.#####.###.##......#
#.#.......# #.##....###
......#######.##@##.#
..###......>..##o##.#
.............o..o...#
.............###.####
......>......# #.#
.......(..o..# #.#
...........oo# #.#
..##.#......o# #.##
.......##.#### #..#


You could see 2 orcs.

Vanquished Creatures
  A bullfrog (D:4)
  A howler monkey (D:2)
  An orc priest (D:3)
  2 orc wizards
  A worker ant (D:5)
  2 gnolls (D:2)
  7 adders
  2 oozes
  An adder skeleton (D:4)
  2 worms
  3 dart slugs
  2 leopard geckos
  4 orcs (D:3)
  2 ball pythons
  13 bats
  13 goblins
  9 hobgoblins
  7 jackals
  A quokka (D:3)
  2 frilled lizards
  6 kobolds
  7 rats
89 creatures vanquished.

Notes
Turn   | Place    | Note
-------+----------+-------------------------------------------
     0 | D:1      | P0NYSLAYSTATION the Hill Orc Monk began the quest for the
                  | Orb.
     0 | D:1      | Reached XP level 1. HP: 19/19 MP: 1/1
   204 | D:1      | Reached XP level 2. HP: 20/27 MP: 2/2
   610 | D:3      | Reached XP level 3. HP: 32/33 MP: 3/3
   613 | D:3      | Found a bloodstained altar of Trog.
  1127 | D:3      | Reached skill level 4 in Long Blades
  1127 | D:3      | Reached XP level 4. HP: 29/40 MP: 4/4
  1309 | D:5      | Entered Level 5 of the Dungeon
  1309 | D:5      | Found a staircase to the Ecumenical Temple.
  1316 | Temple   | Entered the Ecumenical Temple
  1639 | Temple   | Became a worshipper of Yredelemnul the Dark
  1639 | Temple   | Reached * piety under Yredelemnul
  1639 | Temple   | Reached ** piety under Yredelemnul
  2427 | D:2      | Reached XP level 5. HP: 47/47 MP: 5/5
  2719 | D:2      | Reached skill level 1 in Armour
  3021 | D:2      | Reached skill level 5 in Long Blades
  3726 | D:2      | Found a shimmering altar of Xom.
  3726 | D:2      | Found a stormy altar of Qazlal.
  3727 | D:2      | Found an opulent altar of Gozag.
  3728 | D:2      | Found a shimmering blue altar of Sif Muna.
  3729 | D:2      | Found a burning altar of Makhleb.
  3851 | D:4      | Reached XP level 6. HP: 38/53 MP: 6/6
  4048 | D:3      | Reached *** piety under Yredelemnul
  5096 | D:4      | Reached skill level 6 in Long Blades
  5097 | D:4      | Slain by an orc

Illustrated notes

Levels and vault maps discovered:
D:1:      wander_arrival_chamber, layout_basic
D:2:      cheibrodos_greedy_goblins, layout_basic, minitemple
D:3:      minmay_razor_zed, layout_basic, bloody_trog, minmay_close_crescents
D:4:      layout_loops_cross
D:5:      layout_loops_ring, minmay_temple_entry_statues_fountains,
          kennysheep_small_square, uniq_grinder, uniq_duvessa
Temple:   minmay_temple_forest_path

Skill      XL: |  1  2  3  4  5  6 |
---------------+-------------------+-----
Fighting       | 4 |  4.8
Dodging        | 3 |  3.4
Long Blades    | 4 5 6 |  6.0
Stealth        | 2 |  2.2
Armour         | 2 |  2.4

Action                   |  1- 3 |  4- 6 || total
-------------------------+-------+-------++-------
Melee: Falchion          |    88 |       ||    88
       Scimitar          |       |   205 ||   205
  Use: Potion            |     1 |       ||     1
       Scroll            |       |     8 ||     8
 Stab: Sleeping          |     3 |     3 ||     6
Armor: Robe              |    18 |       ||    18
       Animal skin       |     3 |     5 ||     8
       Leather armour    |       |    53 ||    53
Dodge: Dodged            |    77 |   138 ||   215
       Rpst.: Falchion   |    25 |       ||    25
       Scimitar          |       |    45 ||    45

Table legend: (Time is in decaauts)
 A = Elapsed time spent in this place.
 B = Non-inter-level travel time spent in this place.
 C = Inter-level travel time spent in this place.
 D = Time resting spent in this place.
 E = Time spent auto-exploring this place.
 F = Levels seen in this place.
 G = Mean time per level.
                   A        B        C        D        E       F      G
               +--------+--------+--------+--------+--------+-----+--------+
         Total |   5127 |   4677 |    450 |    330 |   3352 |   6 |  854.5 |
       Dungeon |   4754 |   4391 |    363 |    330 |   3068 |   5 |  950.8 |
        Temple |    372 |    285 |     87 |      0 |    284 |   1 |  372.0 |
               +--------+--------+--------+--------+--------+-----+--------+

Top non-repeatable levels by time:
     D:2: 1787 daAuts
     D:3: 1677 daAuts
     D:1: 873 daAuts
     D:4: 394 daAuts
  Temple: 372 daAuts
     D:5: 22 daAuts
